NWL (28 & UNDER)
MENLO MANIACS @ BISMARCK BARONS
05/23/2028
 
TOP OF THE 1ST
Menlo Maniacs batting - Pitching for Bismarck Barons : RHP Dwayne Allen
Pitching: RHP Dwayne Allen
Batting: RHB Manuel Alonso 0-0: Ball
1-0: SINGLE (Line Drive, 78S)
Batting: RHB Gilberto León 0-0: Ball
1-0: Foul Ball, location: 2F
1-1: Fly out, F9 (Flyball, 9)
Batting: RHB Jason Blair 0-0: Called Strike
0-1: Ball
Manuel Alonso is caught stealing 2nd base
1-1: Ball
2-1: Ball
3-1: Called Strike
3-2: Strikes out swinging
Top of the 1st over - 0 run(s), 1 hit(s), 0 error(s), 0 left on base; Menlo 0 - Bismarck 0
BOTTOM OF THE 1ST
Bismarck Barons batting - Pitching for Menlo Maniacs : RHP Michael Díaz
Pitching: RHP Michael Díaz
Batting: LHB Jorge Fernández 0-0: Called Strike
0-1: Ball
1-1: Ball
2-1: Fly out, F9 (Flyball, 89XD)
Batting: LHB José Martínez 0-0: Called Strike
0-1: Ball
1-1: Called Strike
1-2: Ball
2-2: Ball
3-2: Strikes out swinging
Batting: RHB Fernando Castellanos 0-0: Ball
1-0: Called Strike
1-1: Ball
2-1: Called Strike
2-2: Strikes out swinging
Bottom of the 1st over - 0 run(s), 0 hit(s), 0 error(s), 0 left on base; Menlo 0 - Bismarck 0
TOP OF THE 2ND
Menlo Maniacs batting - Pitching for Bismarck Barons : RHP Dwayne Allen
Batting: LHB Ken Smith 0-0: Ball
1-0: Ball
2-0: Called Strike
2-1: Swinging Strike
2-2: Ball
3-2: Base on Balls
Batting: LHB Bernardo Rodríguez 0-0: Ball
1-0: Foul Ball, location: 2F
1-1: Ball
2-1: Called Strike
2-2: Foul Ball, location: 2F
2-2: Ball
3-2: Strikes out swinging
Batting: LHB Robby Lawson 0-0: Ball
1-0: Called Strike
1-1: Called Strike
1-2: Ball
2-2: Ball
3-2: Foul Ball, location: 2F
3-2: Strikes out looking
Batting: RHB Byron Bracy 0-0: SINGLE (Groundball, 34D)
Ken Smith to second
Runner from 2nd tries for 3rd, SAFE, no throw
Batting: RHB Kyle Mann 0-0: Called Strike
0-1: Ball
1-1: Ball
2-1: Foul Ball, location: 2F
2-2: Ball
3-2: Hit by Pitch
Byron Bracy to second
Batting: SHB José Vélez 0-0: Swinging Strike
0-1: Foul Ball, location: 2F
0-2: Ball
1-2: Strikes out swinging
Top of the 2nd over - 0 run(s), 1 hit(s), 0 error(s), 3 left on base; Menlo 0 - Bismarck 0
BOTTOM OF THE 2ND
Bismarck Barons batting - Pitching for Menlo Maniacs : RHP Michael Díaz
Batting: SHB Jeff Chambers 0-0: Ball
1-0: Reached on error, E7 (Flyball, 7S)
Batting: LHB Johnny Foley 0-0: Ball
Wild Pitch!
Jeff Chambers to second
1-0: Foul Ball, location: 2F
1-1: Ball
2-1: Ground out 4-3 (Groundball, 4M)
Jeff Chambers to third
Batting: RHB Dennis Garner 0-0: Ball
1-0: Foul Ball, location: 2F
1-1: Ball
2-1: Swinging Strike
2-2: Fly out, F8 (Flyball, 8LM)
Runner from 3rd tags up, SCORES, throw made
Batting: RHB Jon Krohne 0-0: Foul Ball, location: 2F
0-1: Swinging Strike
0-2: Ball
1-2: Foul Ball, location: 2F
1-2: Foul Ball, location: 2F
1-2: Strikes out looking
Bottom of the 2nd over - 1 run(s), 0 hit(s), 1 error(s), 0 left on base; Menlo 0 - Bismarck 1
TOP OF THE 3RD
Menlo Maniacs batting - Pitching for Bismarck Barons : RHP Dwayne Allen
Batting: RHB Manuel Alonso 0-0: Ground out 5-3 (Groundball, 56)
Batting: RHB Gilberto León 0-0: Fly out, F8 (Flyball, 8LM)
Batting: RHB Jason Blair 0-0: Ball
1-0: Ball
2-0: Ball
3-0: Called Strike
3-1: SINGLE (Groundball, 34D)
Batting: LHB Ken Smith 0-0: Called Strike
Jason Blair is caught stealing 2nd base
Top of the 3rd over - 0 run(s), 1 hit(s), 0 error(s), 0 left on base; Menlo 0 - Bismarck 1
BOTTOM OF THE 3RD
Bismarck Barons batting - Pitching for Menlo Maniacs : RHP Michael Díaz
Batting: RHB Felipe Domínguez 0-0: Ball
1-0: Ball
2-0: Ball
3-0: Base on Balls
Batting: RHB Pancho Torres 0-0: Ball
1-0: Ball
2-0: Called Strike
2-1: SINGLE (Groundball, 34D)
Felipe Domínguez to second
Runner from 2nd tries for 3rd, OUT!
Pancho Torres to second
Batting: LHB Jorge Fernández 0-0: Ball
1-0: Called Strike
1-1: Foul Ball, location: 2F
1-2: Ball
2-2: Hit by Pitch
Batting: LHB José Martínez 0-0: Ball
Throwing error on steal attempt, E2
Pancho Torres scores
Jorge Fernández to third
1-0: Called Strike
1-1: SINGLE (Line Drive, 6MD)
Jorge Fernández scores
Batting: RHB Fernando Castellanos 0-0: Foul Ball, location: 2F
0-1: Swinging Strike
0-2: Foul Ball, location: 2F
0-2: Ball
1-2: Grounds into double play, 5-4-3 (Groundball, 56)
Bottom of the 3rd over - 2 run(s), 2 hit(s), 1 error(s), 0 left on base; Menlo 0 - Bismarck 3
TOP OF THE 4TH
Menlo Maniacs batting - Pitching for Bismarck Barons : RHP Dwayne Allen
Batting: LHB Ken Smith 0-0: Fly out, F8 (Flyball, 8LM)
Batting: LHB Bernardo Rodríguez 0-0: Ball
1-0: Fly out, F7 (Flyball, 78S)
Batting: LHB Robby Lawson 0-0: Ball
1-0: Foul Ball, location: 2F
1-1: Swinging Strike
1-2: Ball
2-2: Strikes out looking
Top of the 4th over - 0 run(s), 0 hit(s), 0 error(s), 0 left on base; Menlo 0 - Bismarck 3
BOTTOM OF THE 4TH
Bismarck Barons batting - Pitching for Menlo Maniacs : RHP Michael Díaz
Batting: SHB Jeff Chambers 0-0: Ball
1-0: Fly out, F8 (Line Drive, 89S)
Batting: LHB Johnny Foley 0-0: Swinging Strike
0-1: Ball
1-1: Ball
2-1: Ground out 6-3 (Groundball, 6)
Batting: RHB Dennis Garner 0-0: Fly out, F2 (Popup, 34S)
Bottom of the 4th over - 0 run(s), 0 hit(s), 0 error(s), 0 left on base; Menlo 0 - Bismarck 3
TOP OF THE 5TH
Menlo Maniacs batting - Pitching for Bismarck Barons : RHP Dwayne Allen
Batting: RHB Byron Bracy 0-0: Ball
1-0: Ball
2-0: Called Strike
2-1: Ball
3-1: Base on Balls
Batting: RHB Kyle Mann 0-0: Ball
Byron Bracy is caught stealing 2nd base
1-0: Swinging Strike
1-1: Swinging Strike
1-2: Ball
2-2: Strikes out swinging
Batting: SHB José Vélez 0-0: Ball
1-0: Foul Ball, location: 2F
1-1: Called Strike
1-2: Strikes out swinging
Top of the 5th over - 0 run(s), 0 hit(s), 0 error(s), 0 left on base; Menlo 0 - Bismarck 3
BOTTOM OF THE 5TH
Bismarck Barons batting - Pitching for Menlo Maniacs : RHP Michael Díaz
Batting: RHB Jon Krohne 0-0: Ball
1-0: Ball
2-0: Ball
3-0: Called Strike
3-1: Base on Balls
Batting: RHB Felipe Domínguez 0-0: Ball
1-0: Called Strike
1-1: Ball
2-1: Foul Ball, location: 2F
2-2: Ball
3-2: DOUBLE (Line Drive, 78M)
Jon Krohne to third
Batting: RHB Pancho Torres 0-0: Ball
1-0: Ball
2-0: Ball
3-0: Called Strike
3-1: Called Strike
3-2: Base on Balls
Batting: LHB Jorge Fernández 0-0: Called Strike
0-1: Ball
1-1: Foul Ball, location: 2F
1-2: Ball
2-2: Ball
3-2: Fly out, F8 (Flyball, 8RM)
Runner from 3rd tags up, SCORES, throw made
Batting: LHB José Martínez 0-0: Fielders Choice at 2nd, 3-6 (Groundball, 34)
Felipe Domínguez to third
Batting: RHB Fernando Castellanos 0-0: Called Strike
0-1: SINGLE (Groundball, 56S) (infield hit)
Felipe Domínguez scores
José Martínez to second
Batting: SHB Jeff Chambers 0-0: Ball
1-0: Foul Ball, location: 2F
1-1: Ball
2-1: Fly out, F7 (Flyball, 78M)
Bottom of the 5th over - 2 run(s), 2 hit(s), 0 error(s), 2 left on base; Menlo 0 - Bismarck 5
TOP OF THE 6TH
Menlo Maniacs batting - Pitching for Bismarck Barons : RHP Dwayne Allen
Batting: RHB Manuel Alonso 0-0: Called Strike
0-1: Ball
1-1: Ball
2-1: Foul Ball, location: 2F
2-2: Strikes out swinging
Batting: RHB Gilberto León 0-0: Fly out, F8 (Flyball, 8RS)
Batting: RHB Jason Blair 0-0: Called Strike
0-1: Ball
1-1: Foul Ball, location: 2F
1-2: Foul Ball, location: 2F
1-2: Foul Ball, location: 2F
1-2: Ball
2-2: Fly out, F6 (Flyball, 6MD)
Top of the 6th over - 0 run(s), 0 hit(s), 0 error(s), 0 left on base; Menlo 0 - Bismarck 5
BOTTOM OF THE 6TH
Bismarck Barons batting - Pitching for Menlo Maniacs : RHP Michael Díaz
Batting: LHB Johnny Foley 0-0: Fly out, F6 (Popup, 6)
Batting: RHB Dennis Garner 0-0: Ground out 6-3 (Groundball, 6)
Batting: RHB Jon Krohne 0-0: Foul Ball, location: 2F
0-1: Ground out 6-3 (Groundball, 6)
Bottom of the 6th over - 0 run(s), 0 hit(s), 0 error(s), 0 left on base; Menlo 0 - Bismarck 5
TOP OF THE 7TH
Menlo Maniacs batting - Pitching for Bismarck Barons : RHP Dwayne Allen
Batting: LHB Ken Smith 0-0: Foul Ball, location: 2F
0-1: Foul Ball, location: 2F
0-2: Ball
1-2: Ball
2-2: Ball
3-2: Base on Balls
Batting: LHB Bernardo Rodríguez 0-0: Foul Ball, location: 2F
Pickoff Throw to First - Error! E1
Ken Smith to second
0-1: Ground out 6-3 (Groundball, 6)
Batting: LHB Robby Lawson 0-0: Ball
1-0: Ball
2-0: Ball
3-0: Base on Balls
Pitching: RHP Neil Birss
Batting: RHB Byron Bracy 0-0: Ball
1-0: Ball
2-0: Called Strike
2-1: Ball
3-1: Base on Balls
Ken Smith to third
Robby Lawson to second
Batting: RHB Kyle Mann 0-0: Called Strike
0-1: Ball
1-1: Foul Ball, location: 2F
1-2: Ball
2-2: Ball
3-2: Foul Ball, location: 2F
3-2: Foul Ball, location: 2F
3-2: Strikes out swinging
Batting: SHB José Vélez 0-0: Ball
1-0: SINGLE (Line Drive, 9LM)
Ken Smith scores
Robby Lawson to third
Byron Bracy to second
Runner from 3rd tries for Home, throw and OUT!
Top of the 7th over - 1 run(s), 1 hit(s), 1 error(s), 2 left on base; Menlo 1 - Bismarck 5
BOTTOM OF THE 7TH
Bismarck Barons batting - Pitching for Menlo Maniacs : RHP Michael Díaz
Batting: RHB Felipe Domínguez 0-0: Called Strike
0-1: Foul Ball, location: 2F
0-2: Ball
1-2: Foul Ball, location: 2F
1-2: Ball
2-2: Ball
3-2: Strikes out swinging
Pitching: LHP Joe Jenkins
Batting: RHB Pancho Torres 0-0: Ball
1-0: Ground out 6-3 (Groundball, 6)
Batting: LHB Jorge Fernández 0-0: Foul Ball, location: 2F
0-1: Swinging Strike
0-2: Ball
1-2: Foul Ball, location: 2F
1-2: Ball
2-2: Reached on error, E3 (Groundball, 3)
Batting: LHB José Martínez 0-0: Called Strike
0-1: Ball
1-1: Called Strike
1-2: Strikes out swinging
Bottom of the 7th over - 0 run(s), 0 hit(s), 1 error(s), 1 left on base; Menlo 1 - Bismarck 5
TOP OF THE 8TH
Menlo Maniacs batting - Pitching for Bismarck Barons : RHP Neil Birss
Batting: RHB Manuel Alonso 0-0: Ball
1-0: SINGLE (Line Drive, 6D)
Batting: RHB Gilberto León 0-0: Called Strike
0-1: Called Strike
0-2: Ball
1-2: Fly out, F6 (Line Drive, 6MD)
Batting: RHB Jason Blair 0-0: Ball
1-0: Called Strike
1-1: Ball
2-1: Foul Ball, location: 2F
2-2: Ball
3-2: Base on Balls
Manuel Alonso to second
Pitching: RHP Wilson Molina
Batting: LHB Ken Smith 0-0: Ball
1-0: Ball
2-0: Swinging Strike
2-1: Foul Ball, location: 2F
2-2: Ball
3-2: Base on Balls
Manuel Alonso to third
Jason Blair to second
Batting: LHB Bernardo Rodríguez 0-0: Ball
1-0: Swinging Strike
1-1: Called Strike
1-2: Strikes out swinging
Batting: LHB Robby Lawson 0-0: DOUBLE (Line Drive, 7LD)
Manuel Alonso scores
Jason Blair scores
Ken Smith to third
Pinch Hitting: RHB Eleuterio Supardo 0-0: Called Strike
0-1: Foul Ball, location: 2F
0-2: Ball
1-2: Strikes out looking
Top of the 8th over - 2 run(s), 2 hit(s), 0 error(s), 2 left on base; Menlo 3 - Bismarck 5
BOTTOM OF THE 8TH
Bismarck Barons batting - Pitching for Menlo Maniacs : LHP Joe Jenkins
Now in LF: Eleuterio Supardo
Batting: RHB Fernando Castellanos 0-0: Ball
1-0: Foul Ball, location: 2F
1-1: Ball
2-1: Foul Ball, location: 2F
2-2: Foul Ball, location: 2F
2-2: Strikes out swinging
Batting: SHB Jeff Chambers 0-0: Ball
1-0: Ball
2-0: Ball
3-0: Called Strike
3-1: Base on Balls
Batting: LHB Johnny Foley 0-0: Ball
Pickoff Throw to First - Error! E1
Jeff Chambers to second
1-0: Ball
2-0: Ball
3-0: Base on Balls
Batting: RHB Dennis Garner 0-0: Swinging Strike
0-1: Ball
1-1: Swinging Strike
1-2: Strikes out swinging
Batting: RHB Jon Krohne 0-0: Ground out 5-3 (Groundball, 56S)
Bottom of the 8th over - 0 run(s), 0 hit(s), 1 error(s), 2 left on base; Menlo 3 - Bismarck 5
TOP OF THE 9TH
Menlo Maniacs batting - Pitching for Bismarck Barons : RHP Wilson Molina
Pitching: LHP Christiano Gomes
Batting: RHB Kyle Mann 0-0: Called Strike
0-1: Ground out 6-3 (Groundball, 56)
Batting: SHB José Vélez 0-0: Foul Ball, location: 2F
0-1: Ball
1-1: Foul Ball, location: 2F
1-2: Strikes out looking
Batting: RHB Manuel Alonso 0-0: Ball
1-0: Called Strike
1-1: Ball
2-1: Foul Ball, location: 2F
2-2: Ball
3-2: Strikes out swinging
Top of the 9th over - 0 run(s), 0 hit(s), 0 error(s), 0 left on base; Menlo 3 - Bismarck 5
Tuesday, August 8th, 2017 - OOTP Baseball 17.12 Build 75